 Dungeon Crawl Stone Soup version 0.13-a0-3076-g221303f (webtiles) character file.

293 Sachiko the Poker (level 5, -6/35 (40) HPs)
             Began as a Merfolk Gladiator on Sept 17, 2013.
             Mangled by an iguana (12 damage)
             ... on Level 4 of the Dungeon.
             The game lasted 00:07:47 (2335 turns).

Sachiko the Poker (Merfolk Gladiator)               Turns: 2335, Time: 00:07:47

HP  -6/35 (40)   AC  4     Str 21      XL: 5   Next:  7%
MP   3/3         EV 14     Int  8      God:
Gold 170         SH  0     Dex 14      Spells:  0 memorised,  4 levels left

Res.Fire  : . . .   See Invis. : .   a - +0,+1 trident
Res.Cold  : . . .   Warding    : .   b - +0 leather armour
Life Prot.: . . .   Conserve   : +   (no shield)
Res.Poison: .       Res.Corr.  : .   c - +0 helmet
Res.Elec. : .       Clarity    : .   (no cloak)
Sust.Abil.: + .     Spirit.Shd : .   (no gloves)
Res.Mut.  : .       Stasis     : .   (no boots)
Res.Rott. : .       Flight     : .   n - amulet of conservation
Saprovore : . . .                    p - +5 ring of strength
                                     j - ring of sustain abilities

@: slowed, very slow, slightly resistant to hostile enchantments, unstealthy
A: change form in water, swift swim, -10% mp
a: no special abilities


You were on level 4 of the Dungeon.
You were very hungry.

You visited 1 branch of the dungeon, and saw 4 of its levels.

You collected 150 gold pieces.

Inventory:

Hand weapons
 a - a +0,+1 trident (weapon)
Missiles
 d - 3 throwing nets (quivered)
Armour
 b - a +0 leather armour (worn)
 c - a +0 helmet (worn)
Magical devices
 e - a wand of flame (20) {unknown}
Comestibles
 f - 4 bread rations
 i - a beef jerky
 m - a choko
 q - an apple
 s - a meat ration
Scrolls
 h - a scroll of teleportation
 k - a scroll of remove curse
 o - 3 scrolls of enchant weapon II
 t - a scroll of identify
Jewellery
 j - a ring of sustain abilities (left hand)
 l - an uncursed ring of fire
 n - an amulet of conservation (around neck)
 p - a +5 ring of strength (right hand)
Potions
 g - a potion of decay
 r - a potion of cure mutation


   Skills:
 - Level 2.1 Fighting
 + Level 6.6 Polearms
 + Level 2.3 Throwing
 + Level 5.5 Dodging


You had 4 spell levels left.
You didn't know any spells.

Dungeon Overview and Level Annotations

Branches:
Dungeon (4/27)
 Temple: D:4-7

Altars:
Kikubaaqudgha
Zin


Innate Abilities, Weirdness & Mutations

You revert to your normal form in water.
You are very nimble and swift while swimming.
Your magical capacity is low (-10% MP).


Message History

The iguana bites you.
You hit the iguana.
The iguana is lightly wounded.
The iguana completely misses you.
You hit the iguana.
The iguana is moderately wounded.
The iguana bites you!
* * * LOW HITPOINT WARNING * * *
The iguana closely misses you.
You are too injured to fight recklessly!
You are too injured to fight recklessly!
You are too injured to fight recklessly!
You are too injured to fight recklessly!
Drink which item? (? for menu, Esc to quit)
Okay, then.
There is an open door here.
The iguana bites you.
* * * LOW HITPOINT WARNING * * *
The iguana bites you!
You die...

. .## ..#
###+#### #.#
#......#######
####.###
#.....%'.l@..#
#......#
#.....)#####.#
#......#
#......#
#.###......#
#......#
#..##......#
#..$...#
##.##....%.#
#......#
#..#......#
#......#
##.#.....<#
......#
#.#......#..#
.....#
#..........#


You could see an iguana.

Vanquished Creatures
  5 adders
  A gnoll (D:1)
  3 giant geckos
  A ball python (D:1)
  3 giant cockroaches
  11 hobgoblins
  9 jackals
  A quokka (D:4)
  6 bats
  6 giant newts
  6 goblins
  8 kobolds
  4 rats
64 creatures vanquished.

Vanquished Creatures (others)
  A human (D:3)
1 creature vanquished.

Grand Total: 65 creatures vanquished

Notes
Turn   | Place    | Note
--------------------------------------------------------------
     0 | D:1      | Sachiko, the Merfolk Gladiator, began the quest for the Orb.
     0 | D:1      | Reached XP level 1. HP: 17/17 MP: 0/0
    91 | D:1      | Reached XP level 2. HP: 16/23 MP: 1/1
   174 | D:1      | Reached skill level 5 in Polearms
   319 | D:1      | Reached XP level 3. HP: 17/28 MP: 2/2
  1001 | D:2      | Found a glowing silver altar of Zin.
  1100 | D:2      | Reached skill level 6 in Polearms
  1101 | D:2      | Reached XP level 4. HP: 30/30 MP: 3/3
  1364 | D:2      | Reached skill level 5 in Dodging
  1709 | D:3      | Found an ancient bone altar of Kikubaaqudgha.
  1710 | D:3      | Noticed a human
  1712 | D:3      | Killed a human
  1969 | D:3      | Gained mutation: You are robust (+10% HP). [potion of mutation]
  1969 | D:3      | Lost mutation: You are robust (+10% HP). [potion of mutation]
  1969 | D:3      | Gained mutation: Your magical capacity is low (-10% MP). [potion of mutation]
  2287 | D:4      | Reached XP level 5. HP: 21/35 MP: 3/3
  2335 | D:4      | Mangled by an iguana

Action                   |  1- 3 |  4- 6 || total
-------------------------+-------+-------++-------
Melee: Trident           |   102 |    92 ||   194
  Use: Scroll            |     5 |     5 ||    10
       Potion            |     2 |     4 ||     6
 Stab: Sleeping          |     1 |       ||     1
